 Dungeon Crawl Stone Soup version 0.27.1-16-g815e20cd7a (webtiles) character file.

Game seed: 7583779224204592900

93 Descartes the Grasshopper (level 4, 0/19 HPs)
             Began as a Felid Warper on Nov 23, 2021.
             Was an Initiate of Gozag.
             Slain by a gnoll (7 damage)
             ... on level 4 of the Dungeon.
             The game lasted 00:07:50 (5616 turns).

Descartes the Grasshopper (Felid Warper)            Turns: 5616, Time: 00:07:50

Health: 0/19       AC:  1    Str:  8    XL:     4   Next: 36%
Magic:  8/8        EV: 19    Int: 14    God:    Gozag
Gold:   94         SH:  0    Dex: 15    Spells: 5/7 levels left
                                        Lives:  0   Deaths: 1

rFire    . . .     SeeInvis +     - Unarmed
rCold    . . .     Faith    .   (shield unavailable)
rNeg     . . .     Spirit   .   (armour unavailable)
rPois    .         Reflect  .   (helmet unavailable)
rElec    .         Harm     .   (cloak unavailable)
rCorr    .         Rampage  .   (gloves unavailable)
Will     .....                  (boots unavailable)
Stlth    +.........             f - amulet of the acrobat
HPRegen  0.06/turn              (no ring)
MPRegen  0.11/turn              (no ring)

@: quick
A: very small, claws 1, fangs 3, see invisible, speed 1, shaggy fur 1, stealthy
paws, no weapons or thrown items, no armour, multi-lived
a: Renounce Religion, Potion Petition, Call Merchant, Bribe Branch


You were on level 4 of the Dungeon.
You worshipped Gozag.
Gozag was noncommittal.
You visited 2 branches of the dungeon, and saw 5 of its levels.

You collected 157 gold pieces.
You paid 63 gold pieces to Gozag.

Inventory:

Missiles
 d - 75 stones
Jewellery
 f - an amulet of the acrobat (around neck)
Scrolls
 a - 2 scrolls of blinking
 h - a scroll of amnesia {unknown}
 i - 2 scrolls of vulnerability {unknown}
 j - a scroll of enchant armour {unknown}
 k - a scroll of identify {unknown}
 m - a scroll of noise {unknown}
Potions
 b - a potion of haste {unknown}
 c - 2 potions of flight {unknown}
 e - 3 potions of brilliance {unknown}
 g - a potion of degeneration {unknown}
 l - a potion of cancellation {unknown}
 n - a potion of invisibility {unknown}
 o - a potion of curing {unknown}


   Skills:
 - Level 2.0 Fighting
 * Level 5.5 Dodging
 + Level 3.1 Unarmed Combat
 - Level 2.0 Spellcasting
 + Level 5.6 Translocations


You had 5 spell levels left.
You knew the following spells:

 Your Spells              Type           Power      Damage    Failure   Level
a - Blink                 Tloc           N/A        N/A       3%          2

Your spell library contained the following spells:

 Spells                   Type           Power      Damage    Failure   Level
 Gell's Gravitas          Tloc           8%         N/A       7%          3
 Lesser Beckoning         Tloc           8%         N/A       7%          3
 Teleport Other           Tloc           17%        N/A       7%          3
 Animate Skeleton         Necr           2%         N/A       24%         1
 Pain                     Necr           4%         1d4       24%         1
 Manifold Assault         Tloc           17%        N/A       54%         5
 Stone Arrow              Conj/Erth      2%         3d7       56%         3
 Vampiric Draining        Necr           0%         2d6       56%         3
 Lehudib's Crystal Spear  Conj/Erth      0%         10d2      100%        8
 Animate Armour           Summ/Erth      Unusable   N/A       N/A         4

Dungeon Overview and Level Annotations

Branches:
Dungeon (4/15)             Temple (1/1) D:4

Altars:
Ashenzari
Cheibriados
Dithmenos
Elyvilon
Fedhas
Gozag
Hepliaklqana
Kikubaaqudgha
Makhleb
Okawaru
Qazlal
Ru
Sif Muna
Trog
Uskayaw
Vehumet
Wu Jian
Xom
Yredelemnul
Zin
The Shining One


Innate Abilities, Weirdness & Mutations

You have sharp claws.
You have razor-sharp teeth.
You have supernaturally acute eyesight. (SInv)
You cover ground quickly. (Speed+)
You are covered in fur. (AC +1)
Your paws help you pounce on unaware monsters.
You are incapable of wielding weapons or throwing items.
You cannot wear armour.
You gain extra lives every three experience levels.


Message History

The hobgoblin shouts!
You scratch the hobgoblin.
The hobgoblin is almost dead.
The hobgoblin misses you.
You scratch the hobgoblin.
You kill the hobgoblin!
No target in view!
No target in view!
No target in view!
No target in view!
No target in view!
No target in view!
No target in view!
You now have 94 gold pieces (gained 7).
Found an escape hatch in the ceiling.
There is an escape hatch in the ceiling here.
Found 17 gold pieces.
No target in view! 2 gnolls come into view.
The gnoll shouts! x2; You hear a shout! x2
There are monsters nearby!
An adder skeleton comes into view.
You hear a shout! x2
A quokka, a gnoll and a gnoll shaman come into view.
Found 17 sling bullets.
The gnoll shaman shouts!
The gnoll shouts!
A gnoll comes into view. It is wielding a +0 whip.
You see here 2 black potions.
You barely miss the gnoll. The gnoll completely misses you.
The gnoll misses you.
You closely miss the gnoll. The adder skeleton misses you.
You scratch the gnoll but do no damage. The gnoll hits you with a +0 club!
The adder skeleton bites you. The gnoll misses you.
The quokka barely misses you.
You scratch the gnoll shaman but do no damage.
The gnoll shaman hits you with a +0 club.
The gnoll completely misses you. The adder skeleton closely misses you.
The quokka completely misses you. The gnoll hits you with a +0 whip!
You die...
Your body crumbles into a pile of gold.

#....#.#.#...# #.......#
...##.#.#.#.#.######
#.......# #. .
......#......# #........ #
.#.##.#.........###.......#
#.
....#$##.#......#.......# .
.........?.......#.......#
.#.#............#.......#
......Zg...#...........#
.(...gg@..###.##........
.....$rg..# #.##........
....g.....# #.#########.
..........# ... ##
..#.......# ...
#..##.....##.. $$ ##.
#...#.# # #...#.#


You could see a gnoll shaman, 4 gnolls, a quokka and an adder skeleton.

Vanquished Creatures
  A water moccasin skeleton (D:4)
  A hound skeleton (D:3)
  A howler monkey zombie (D:4)
  An adder (D:3)
  2 dart slugs
  6 ball pythons
  3 endoplasms
  6 goblins
  7 hobgoblins
  7 jackals
  2 quokkas (D:2)
  7 bats
  4 kobolds
  A rat (D:3)
49 creatures vanquished.

Notes
Turn   | Place    | Note
-------+----------+-------------------------------------------
     0 | D:1      | Descartes the Felid Warper began the quest for the Orb.
     0 | D:1      | Reached XP level 1. HP: 9/9 MP: 4/4
   822 | D:1      | Reached XP level 2. HP: 6/13 MP: 6/6
  1856 | D:1      | Learned a level 2 spell: Blink
  1926 | D:1      | Reached XP level 3. HP: 6/16 MP: 7/7
  2398 | D:2      | Reached skill level 5 in Translocations
  3323 | D:3      | Found a faded altar of an unknown god.
  3638 | D:3      | Reached XP level 4. HP: 16/19 MP: 8/8
  4359 | D:4      | Noticed a phantom
  4585 | D:4      | Reached skill level 5 in Dodging
  4765 | D:4      | Found a staircase to the Ecumenical Temple.
  4776 | Temple   | Entered the Ecumenical Temple
  4938 | Temple   | Became a worshipper of Gozag Ym Sagoz the Greedy
  5406 | D:3      | Slain by a phantom
  5407 | D:3      | Reached XP level 3. HP: -1/16 MP: 7/7
  5443 | D:4      | Reached XP level 4. HP: 12/19 MP: 8/8
  5616 | D:4      | Slain by a gnoll

Illustrated notes

Levels and vault maps discovered:
D:1:      lemuel_arrival_funnel, layout_loops_corners
D:2:      layout_basic, minmay_misc_feat_ornament, minmay_misc_feat_more_columns
D:3:      layout_basic, basic_ecumenical_altar
D:4:      layout_basic, minmay_temple_entry_ruins, gammafunk_ghost_stat_death,
          uniq_pikel
Temple:   kilobyte_greek_temple

Skill      XL: |  1  2  3  4 |
---------------+-------------+-----
Dodging        | 4 5 |  5.5
Translocations | 5 |  5.6
Unarmed Combat | 3 |  3.1
Fighting       | |  2.0
Spellcasting   | |  2.0

Action                   |  1- 3 |  4- 6 || total
-------------------------+-------+-------++-------
Melee: Unarmed           |   158 |    44 ||   202
       Bite              |     7 |     3 ||    10
       Punch             |     1 |     1 ||     2
 Stab: Sleeping          |     3 |       ||     3
Armor: Skin              |     9 |     1 ||    10
Dodge: Dodged            |   151 |    45 ||   196
